 Dungeon Crawl Stone Soup version 0.23.1 (webtiles) character file.

Game seed: 11258432805615338099

451 Gadfly the Poker (level 7, -1/63 HPs)
             Began as an Ogre Fighter on Mar 2, 2019.
             Slain by an orc
             ... wielding a +0 club
              (2 damage)
             ... on level 4 of the Dungeon.
             The game lasted 00:05:27 (3749 turns).

Gadfly the Poker (Ogre Fighter)                     Turns: 3749, Time: 00:05:27

Health: -1/63      AC:  3    Str: 23    XL:     7   Next: 4%
Magic:  7/7        EV:  8    Int:  7    God:
Gold:   185        SH:  8    Dex:  8    Spells: 6/6 levels left

rFire    . . .     SeeInvis .   e - +3 spear
rCold    . . .     Gourm    .   c - +0 shield
rNeg     . . .     Faith    .   p - +0 robe
rPois    .         Spirit   .   (helmet restricted)
rElec    .         Reflect  .   (no cloak)
rCorr    .         Harm     .   (gloves unavailable)
MR       .....                  (boots unavailable)
Stlth    +.........             (no amulet)
HPRegen  0.20/turn              k - ring of flight
MPRegen  0.10/turn              (no ring)

@: no status effects
A: large, unfitting armour, horns 1, blink, dopey 1, frail 1, tough skin 1
a: Blink, Evoke Flight


You were on level 4 of the Dungeon.
You were not hungry.

You visited 1 branch of the dungeon, and saw 4 of its levels.

You collected 185 gold pieces.

Inventory:

Hand Weapons
 a - a +1 trident
 b - a +0 whip of electrocution
 e - a +3 spear (weapon)
Missiles
 m - 87 stones (quivered)
Armour
 c - a +0 shield (worn)
 p - a +0 robe (worn)
Jewellery
 k - a ring of flight (left hand)
Wands
 v - a wand of disintegration (14)
Scrolls
 h - a scroll of teleportation {unknown}
 i - 2 scrolls of remove curse
 l - a scroll of amnesia
 n - 2 scrolls of magic mapping
 o - a scroll of fog {unknown}
 q - a scroll of identify
 s - a scroll of enchant weapon
Potions
 d - a potion of might
 g - 3 potions of flight
 j - 3 potions of curing
 u - a potion of magic {unknown}
Comestibles
 f - 8 rations


   Skills:
 - Level 4.0 Fighting
 * Level 6.1 Polearms
 + Level 3.8 Throwing
 - Level 2.6 Dodging
 - Level 2.6 Shields


You had 6 spell levels left.
You didn't know any spells.
Your spell library contained the following spells:

 Spells                   Type           Power        Failure   Level  Hunger
 Magic Dart               Conj           #...         88%         1    ##.....
 Blink                    Tloc           N/A          95%         2    ###....
 Call Imp                 Summ           #.......     95%         2    ###....
 Slow                     Hex            #.......     95%         2    ###....
 Conjure Flame            Conj/Fire      #.......     99%         3    ####...
 Mephitic Cloud           Conj/Pois/Air  #.......     99%         3    ####...


Dungeon Overview and Level Annotations

Branches:
Dungeon (4/15)
 Temple: D:4-7

Altars:
Gozag
Hepliaklqana
Kikubaaqudgha
Trog


Innate Abilities, Weirdness & Mutations

You are too large for most types of armour.
You have tough skin. (AC +1)
You have a pair of small horns on your head.
You can translocate small distances at will.
You are dopey. (Int -2)
You are frail. (-10% HP)


Message History

You are too injured to fight recklessly!
You are too injured to fight recklessly!
Unknown command.
You hit the orc priest.
The orc priest is almost dead.
The orc priest invokes the aid of Beogh against you.
Beogh smites you!
* * * LOW HITPOINT WARNING * * *
You closely miss the orc priest.
The orc priest is almost dead.
The orc closely misses you.
The orc priest mumbles some strange prayers to Beogh against you.
Beogh smites you!
* * * LOW HITPOINT WARNING * * *
Unknown command.
You hit the orc priest.
You kill the orc priest!
You have reached level 7!
The orc hits you with a +0 club.
You die...

#..................#
#.#
#..##..##.###.###..#
#.# #..##.# #.# #.##
#.# #..##.###'###.#
#.# #..##.###_'...#
#.#
#.....###'###.####.#
#.##..# #.# #......#
#.##..###.###.######
#.##@[........#
#.##o######.#.#
#.##o# #...# #.##.#
###.# #.##.# #.#
#.##.# #.# #.# #.#
..# .#


You could see 2 orcs.

Vanquished Creatures
  A phantom (D:4)
  2 orc priests (D:4)
  4 orc wizards (D:4)
  2 worker ants (D:4)
  2 adders (D:3)
  3 gnolls (D:4)
  An ooze (D:4)
  2 worms
  5 dart slugs
  6 leopard geckos
  6 orcs
  4 giant cockroaches
  9 hobgoblins
  A quokka (D:4)
  2 ball pythons
  8 bats
  7 frilled lizards
  4 goblins
  9 kobolds
  7 rats
  A bush (D:3)
86 creatures vanquished.

Notes
Turn   | Place    | Note
-------+----------+-------------------------------------------
     0 | D:1      | Gadfly the Ogre Fighter began the quest for the Orb.
     0 | D:1      | Reached XP level 1. HP: 24/24 MP: 1/1
   164 | D:1      | Reached XP level 2. HP: 32/32 MP: 2/2
   332 | D:1      | Reached skill level 1 in Throwing
   448 | D:1      | Reached skill level 3 in Polearms
   448 | D:1      | Reached XP level 3. HP: 39/39 MP: 3/3
  1361 | D:3      | Found a bloodstained altar of Trog.
  1609 | D:3      | Reached XP level 4. HP: 35/48 MP: 4/4
  2086 | D:3      | Found an ancient bone altar of Kikubaaqudgha.
  2130 | D:3      | Reached skill level 4 in Polearms
  2466 | D:3      | Found a hazy altar of Hepliaklqana.
  2909 | D:4      | Reached XP level 5. HP: 52/54 MP: 5/5
  2955 | D:4      | Noticed a phantom
  2981 | D:4      | Reached skill level 5 in Polearms
  2981 | D:4      | Reached XP level 6. HP: 40/62 MP: 6/6
  2991 | D:4      | HP: 3/62 [phantom (7)]
  2998 | D:4      | HP: 1/62 [phantom (9)]
  2999 | D:4      | Killed a phantom
  3318 | D:4      | Gained mutation: You can translocate small distances at
                  | will. [potion of mutation]
  3318 | D:4      | Gained mutation: You are frail. (-10% HP) [potion of
                  | mutation]
  3318 | D:4      | Gained mutation: You are dopey. (Int -2) [potion of
                  | mutation]
  3318 | D:4      | Gained mutation: You have a pair of small horns on your
                  | head. [potion of mutation]
  3711 | D:4      | Found an opulent altar of Gozag.
  3726 | D:4      | Reached skill level 6 in Polearms
  3748 | D:4      | HP: 1/55 [orc priest/divine providence (14)]
  3749 | D:4      | Reached XP level 7. HP: 1/63 MP: 7/7
  3749 | D:4      | Slain by an orc

Skill      XL: |  1  2  3  4  5  6 |
---------------+-------------------+-----
Throwing       | 1 2 3 |  3.8
Polearms       | 3 4 5 6 |  6.1
Fighting       | |  4.0
Dodging        | |  2.6
Shields        | |  2.6

Action                   |  1- 3 |  4- 6 |  7- 9 || total
-------------------------+-------+-------+-------++-------
Melee: Trident           |   129 |    89 |       ||   218
       Whip              |       |    59 |       ||    59
       Spear             |       |    44 |       ||    44
       Headbutt          |       |     7 |       ||     7
  Use: Scroll            |     9 |     2 |       ||    11
       Potion            |       |     4 |       ||     4
 Stab: Sleeping          |     4 |       |       ||     4
  Eat: Chunk             |     2 |     7 |       ||     9
Armor: Robe              |    19 |    18 |       ||    37
Dodge: Dodged            |    26 |    37 |       ||    63
Block: Shield            |    34 |    51 |       ||    85
